 Dungeon Crawl Stone Soup version 0.16.2-12-gd0ad4c3 (webtiles) character file.

295 spacemonkey the Grave Robber (level 6, -5/55 HPs)
             Began as a Troll Necromancer on Oct 1, 2015.
             Shot with an arrow by a centaur (7 damage)
             ... on level 5 of the Dungeon.
             The game lasted 00:13:04 (1292 turns).

spacemonkey the Grave Robber (Troll Necromancer)    Turns: 1292, Time: 00:13:04

Health: -5/55      AC:  6    Str: 17    XL:     6   Next: 11%
Magic:  7/7        EV: 10    Int: 13    God:
Gold:   16         SH:  0    Dex: 10    Spells: 2 memorised, 7 levels left

rFire  . . .     SeeInvis .       - Unarmed
rCold  . . .     Clarity  .     a - +0 robe
rNeg   . . .     SustAb   .     (shield restricted)
rPois  .         Gourm    +     (helmet restricted)
rElec  .         Spirit   .     n - +0 cloak
rCorr  .         Warding  .     (gloves unavailable)
rMut   .         Stasis   .     (boots unavailable)
MR     .....                    (no amulet)
Stlth  +.........               (no ring)
                                (no ring)

@: not resistant to hostile enchantments, very unstealthy
A: unfitting armour, claws 3, fast metabolism 3, gourmand, regeneration 2,
shaggy fur 1, tough skin 2
a: no special abilities


You were on level 5 of the Dungeon.
You were hungry.

You visited 1 branch of the dungeon, and saw 5 of its levels.

You collected 16 gold pieces.

Inventory:

Missiles
 e - 29 stones (quivered)
 f - 27 sling bullets
 i - 16 arrows
Armour
 a - a +0 robe (worn)
 n - a +0 cloak (worn)
Scrolls
 d - 3 scrolls of identify {unknown}
 g - a scroll of remove curse {unknown}
 k - a scroll of teleportation {unknown}
Books
 b - a book of Necromancy

   Spells                             Type                      Level
   a - Pain                           Necromancy                   1
   b - Animate Skeleton               Necromancy                   1
   c - Vampiric Draining              Necromancy                   3
   d - Regeneration                   Charms/Necromancy            3
   e - Animate Dead                   Necromancy                   4
   f - Control Undead                 Necromancy                   4
Comestibles
 c - 2 meat rations
 h - 2 beef jerkies
 j - a royal jelly
 l - a bread ration


   Skills:
 + Level 1.1 Fighting
 + Level 2.5 Dodging
 + Level 1.2 Stealth
 + Level 1.9 Unarmed Combat
 + Level 2.2 Spellcasting
 + Level 4.4 Necromancy


You had 7 spell levels left.
You knew the following spells:

 Your Spells              Type           Power        Failure   Level  Hunger
a - Pain                  Necr           ##..         4%          1    ##.....
b - Animate Skeleton      Necr           N/A          4%          1    ##.....


Dungeon Overview and Level Annotations

Branches:
Dungeon (5/15)
 Temple: D:4-7

Altars:


Innate Abilities, Weirdness & Mutations

You are too large for most types of armour.
You have claws for hands.
Your metabolism is lightning-fast.
You like to eat raw meat.
You heal very quickly.
You are covered in fur (AC +1).
You have very tough skin (AC +2).


Message History

A centaur comes into view.
You found an alarm trap!
The centaur shouts!
The centaur wields a shortbow.
The centaur shoots an arrow.
The arrow hits you!
You see here an arrow.
The centaur shoots an arrow.
The arrow hits you!
Found 14 poisoned needles and 17 stones.
You see here an arrow.
The centaur shoots an arrow.
The arrow hits you!
The centaur shoots an arrow.
The arrow hits you.
You see here 2 arrows.
The centaur shoots an arrow.
The arrow hits you!
* * * LOW HITPOINT WARNING * * *
You see here an arrow.
The centaur shoots an arrow.
The arrow hits you!
* * * LOW HITPOINT WARNING * * *
You see here 3 arrows.
You are feeling hungry.
The centaur shoots an arrow.
The arrow hits you!
You die...

........ ##..........
######.......... .
#..............##..
#......(.# #.#.#...
#.....<..# ......#
#..<.....###......##
#.%......#^...#......
#.........(@((........
#.........####....c...
###.......# ..(....
#.......# ....(..
####..### .......
...## ...... ..##
#.... # ...


You could see a centaur.

Vanquished Creatures
  A scorpion (D:5)
  3 orc wizards (D:3)
  2 worker ants (D:4)
  3 adders (D:2)
  5 orcs (D:3)
  3 giant cockroaches (D:1)
  3 goblins
  6 hobgoblins
  A quokka (D:3)
  2 bats
  7 jackals
  A kobold (D:4)
  A quokka skeleton (D:4)
  3 rats
  A fungus (D:1)
42 creatures vanquished.

Vanquished Creatures (collateral kills)
  A hound (D:4)
  A worker ant (D:4)
  A ball python (D:2)
  A rat (D:2)
  A fungus (D:1)
5 creatures vanquished.

Vanquished Creatures (others)
  2 goblin skeletons
  A jackal skeleton (D:3)
  2 orc skeletons (D:3)
5 creatures vanquished.

Grand Total: 52 creatures vanquished

Notes
Turn   | Place    | Note
--------------------------------------------------------------
     0 | D:1      | spacemonkey, the Troll Necromancer, began the quest for the Orb.
     0 | D:1      | Reached XP level 1. HP: 16/16 MP: 2/2
    24 | D:1      | Learned a level 1 spell: Animate Skeleton
   155 | D:2      | Reached XP level 2. HP: 24/24 MP: 0/2
   288 | D:2      | Reached XP level 3. HP: 20/31 MP: 0/3
   409 | D:3      | Reached XP level 4. HP: 20/40 MP: 0/4
   410 | D:3      | Reached skill level 4 in Necromancy
   546 | D:3      | Reached skill level 1 in Unarmed Combat
   746 | D:4      | Reached XP level 5. HP: 44/46 MP: 1/5
   944 | D:4      | Reached skill level 1 in Fighting
  1167 | D:5      | Entered Level 5 of the Dungeon
  1173 | D:5      | Reached XP level 6. HP: 45/55 MP: 4/7
  1287 | D:5      | Noticed a centaur
  1291 | D:5      | HP: 1/55 [centaur/arrow (13)]
  1292 | D:5      | Shot with an arrow by a centaur

Action                   |  1- 3 |  4- 6 || total
-------------------------+-------+-------++-------
Melee: Unarmed           |    62 |    65 ||   127
 Cast: Pain              |    10 |    17 ||    27
       Animate Skeleton  |     6 |     7 ||    13
 Stab: Sleeping          |     1 |       ||     1
  Eat: Chunk             |     6 |     4 ||    10
